Map: [TLMC15] Hardwire

Players

Rogue

  • Race: Zerg Zerg

Elazer - Winner!

  • Race: Zerg Zerg

Event: DreamHack SC2 Masters Last Chance 2022

VOD

Have the link to the VOD?

Description

Time

  • Played on: Jan. 11, 2022, 8:28 a.m.
  • Length: 9:35

All games in this series

Show
View Real Time Build Order
Export as new Build Order

Rogue Zerg 

Build Orders: Hatch First 

Get SALT Encoding   

  12  0:00  Drone  
  13  0:12  Overlord  
  13  0:16  Drone  
  14  0:31  Drone x2  
  16  0:47  Hatchery  
  15  0:50  Drone  
  15  0:54  Drone  
  17  0:57  Drone  
  18  1:08  Extractor  
  17  1:13  Spawning Pool  
  17  1:15  Drone  
  17  1:19  Drone  
  18  1:27  Drone  
  19  1:38  Drone  
  20  1:59  Queen x2  
  20  2:00  Zergling x2  
  20  2:01  Drone x2  
  27  2:10  Overlord  
  27  2:11  Drone  
  27  2:12  Metabolic Boost  
  28  2:29  Drone, Hatchery  
  28  2:32  Drone  
  28  2:34  Drone  
  30  2:42  Queen  
  32  2:46  Drone  
  33  2:52  Baneling Nest  
  33  2:53  Drone  
  33  2:54  Drone  
  34  3:00  Overlord  
  34  3:01  Zergling x2  
  34  3:04  Drone  
  36  3:19  Drone x7  
  43  3:28  Zergling x2  
  43  3:30  Overlord  
  42  3:39  Lair  
  42  3:40  Evolution Chamber  
  41  3:44  Roach Warren  
  41  3:46  Zergling x6  
  41  3:48  Baneling x2  
  43  3:52  Overlord  
  43  3:56  Drone x2  
  43  3:57  Extractor  
  43  3:58  Drone  
  43  4:00  Drone x2  
  47  4:03  Drone  
  47  4:07  Drone  
  49  4:11  Overlord  
  49  4:12  Drone x2  
  49  4:14  Extractor  
  49  4:15  Drone, Extractor  
  50  4:19  Drone  
  50  4:23  Overlord  
  51  4:24  Drone  
  51  4:28  Drone  
  51  4:29  Drone x2  
  55  4:37  Drone  
  55  4:38  Drone  
  57  4:39  Spire  
  57  4:42  Zergling x4  
  57  4:43  Zergling x2  
  59  4:52  Overlord  
  59  4:56  Zergling x2  
  58  5:09  Overseer  
  58  5:13  Baneling  
  56  5:14  Zergling x2  
  56  5:15  Zergling x14  
  56  5:17  Hatchery  
  63  5:22  Zerg Melee Weapons Level 1  
  63  5:26  Overlord  
  62  5:31  Spine Crawler  
  62  5:32  Spine Crawler  
  61  5:44  Overlord  
  61  5:54  Mutalisk x3  
  61  5:55  Mutalisk x3  
  74  5:58  Drone x4  
  74  6:02  Hatchery  
  77  6:06  Mutalisk  
  77  6:09  Drone  
  72  6:19  Mutalisk x2  
  72  6:21  Drone x3  
  79  6:33  Mutalisk  
  79  6:34  Hatchery  
  79  6:39  Overlord  
  80  6:40  Mutalisk  
  81  6:47  Mutalisk  
  81  6:48  Drone  
  81  6:49  Drone x2  
  81  6:50  Extractor  
  81  6:52  Zergling x4  
  87  6:55  Extractor  
  87  6:56  Mutalisk  
  87  6:58  Zergling x6  
  89  7:04  Mutalisk  
  89  7:05  Zergling x2  
  90  7:10  Drone  
  90  7:14  Mutalisk  
  91  7:23  Drone x3  
  91  7:24  Extractor  
  91  7:26  Drone  
  91  7:27  Baneling x2, Extractor  
  91  7:28  Baneling  
  93  7:30  Hatchery  
  93  7:31  Drone  
  92  7:38  Mutalisk x2  
  92  7:39  Drone x2  
  92  7:43  Zergling x2  
  98  7:46  Spine Crawler  
  98  7:47  Mutalisk  
  98  7:48  Spine Crawler  
  98  7:51  Zergling x8  
  101  7:52  Zergling x2  
  100  7:59  Mutalisk  
  100  8:01  Zergling x2  
  100  8:05  Drone, Queen x2  
  104  8:09  Mutalisk  
  104  8:11  Drone  
  108  8:23  Overlord  
  108  8:24  Spine Crawler x2  
  108  8:25  Spine Crawler x2  
  104  8:27  Overlord  
  104  8:31  Mutalisk  
  106  8:39  Mutalisk  
  105  8:42  Zergling x2, Overlord  
  105  8:48  Mutalisk x2  
  103  8:59  Mutalisk  
  99  9:10  Mutalisk x2  
Show
View Real Time Build Order
Export as new Build Order

Elazer Zerg - Winner!

Build Orders: Hatch First 

Get SALT Encoding   

  12  0:00  Drone  
  13  0:12  Overlord  
  13  0:17  Drone  
  14  0:30  Drone x2  
  16  0:47  Hatchery  
  15  0:50  Drone  
  15  0:54  Drone  
  17  0:57  Drone  
  18  1:04  Extractor  
  17  1:12  Spawning Pool  
  17  1:16  Drone  
  17  1:19  Drone  
  18  1:28  Drone  
  19  1:38  Drone  
  20  1:49  Drone  
  21  1:59  Queen x2  
  21  2:00  Zergling x2  
  26  2:03  Metabolic Boost  
  26  2:05  Overlord  
  26  2:11  Drone x2  
  28  2:25  Drone x2  
  30  2:32  Zergling x4  
  32  2:40  Hatchery  
  32  2:42  Drone  
  32  2:44  Overlord  
  32  2:56  Drone x2  
  34  3:06  Zergling x2  
  34  3:07  Zergling x4  
  34  3:08  Zergling x10  
  42  3:17  Zergling x4  
  44  3:23  Baneling Nest  
  43  3:27  Overlord  
  43  3:30  Drone  
  44  3:47  Drone x4  
  47  3:49  Overlord  
  47  3:50  Drone x2  
  47  3:52  Queen  
  47  3:53  Drone x2  
  53  3:58  Drone  
  54  4:04  Drone x2  
  54  4:09  Evolution Chamber  
  55  4:10  Drone  
  55  4:12  Drone  
  55  4:14  Drone  
  55  4:16  Drone x3  
  61  4:18  Drone  
  61  4:20  Drone, Roach Warren  
  62  4:24  Overlord  
  62  4:27  Drone x2, Extractor  
  62  4:29  Extractor  
  62  4:34  Zerg Ground Armor Level 1  
  62  4:35  Drone x2  
  62  4:38  Drone  
  65  4:41  Overlord  
  65  4:55  Baneling x3  
  64  5:06  Roach x8  
  76  5:14  Queen  
  76  5:17  Zergling x2, Overlord  
  76  5:18  Zergling x6  
  82  5:24  Overlord  
  82  5:27  Lair  
  81  5:32  Overlord  
  81  5:34  Queen  
  83  5:36  Drone  
  83  5:37  Drone x4  
  83  5:38  Drone  
  89  5:48  Overlord  
  89  5:50  Drone x7, Queen  
  98  5:59  Overlord  
  98  6:02  Roach x2  
  95  6:11  Overlord  
  95  6:15  Zergling x18  
  95  6:17  Queen  
  103  6:26  Overlord  
  103  6:27  Zergling x4  
  103  6:31  Zerg Missile Weapons Level 1, Glial Reconstitution  
  104  6:35  Queen x2  
  104  6:37  Nydus Network, Spore Crawler x2  
  105  6:43  Overlord  
  105  6:44  Overlord  
  105  6:46  Spore Crawler  
  104  6:53  Spore Crawler  
  102  6:56  Queen  
  103  7:12  Queen  
  103  7:14  Queen  
  101  7:21  Spore Crawler x2  
  99  7:26  Nydus Canal  
  98  7:30  Roach  
  98  7:31  Roach x10  
  98  7:34  Queen  
  121  7:39  Overlord  
  121  7:40  Overlord  
  121  7:48  Queen  
  120  7:54  Roach  
  119  8:03  Queen, Roach x6  
  119  8:05  Spore Crawler x3  
  119  8:10  Queen, Roach  
  114  8:18  Roach x3  
  120  8:24  Queen  
  120  8:26  Roach  
  120  8:27  Roach x2, Spore Crawler x2, Nydus Canal  
  122  8:28  Spore Crawler  
  115  8:37  Roach x3  
  115  8:38  Queen  
  113  8:46  Queen  
  105  8:57  Roach  
  105  8:59  Queen  
  109  9:06  Roach x6  

Tags
 
Add a new tag
Caveats
  • Supply blocks, unpowered buildings, or Contaminate may cause inaccurate times.
  • Supply counts are checked every 10 seconds.